AoeStats
← Mad King

Golden Pit

508847067Analyzed
1v1 RM · 6d ago on Sep 24, 2026· 35m 57s· 2 players
Game mode
Random Map
Map size
Tiny (2 player)
Population
200
Speed
Normal
Resources
Standard
Victory
Conquest
Starting age
Dark Age
Ending age
Imperial Age
RankedLock teamsTeams togetherTeam positionsShared explorationLock speedFull tech treeHidden civsTurbo modeCheats
Victory
Defeat
🇲🇰 Italians · North Macedonia
633
+14
🇦🇹 Sicilians · Austria
591
-14
Mad King
7:20 Loom
10:19 Feudal Age
24:09 Castle Age
24:19 Pikeman
28:22 Double-Bit Axe
32:50 Fletching
32:56 Elite Skirmisher
33:04 Crossbowman
33:10 Crossbowman
mladiot_starec
0:27 Loom
11:00 Feudal Age
16:39 Castle Age
19:02 Scale Barding Armor
35:44 Imperial Age
35:33 Fletching
35:44 Padded Archer Armor
37:25 Chemistry
Connection lost

Rejoining the realm…

Still unreachable

The connection could not be restored.

Session expired

The server has moved on; the page needs a fresh start.